AoeStats
← josbermir

Arena

503791958Analyzed
4v4 RM · 29d ago on Sep 2, 2026· 63m 10s· 8 players
Game mode
Random Map
Map size
Large (8 player)
Population
200
Speed
Normal
Resources
Standard
Victory
Conquest
Starting age
Dark Age
Ending age
Imperial Age
RankedLock teamsTeams togetherTeam positionsShared explorationLock speedFull tech treeHidden civsTurbo modeCheats
Victory
Defeat
🇨🇳 Mongols · China
732
+14
🇨🇳 Vikings · China
645
+18
🇫🇷 Persians · France
567
+21
🇨🇳 Britons · China
529
+23
🇪🇸 Vikings · Spain
711
-20
🇨🇳 Mongols · China
702
-20
🇩🇪 Turks · Germany
701
-20
🇪🇸 Byzantines · Spain
651
-18
Hamurabi1
0:32 Loom
12:19 Feudal Age
18:39 Castle Age
17:09 Double-Bit Axe
17:35 Gold Mining
18:02 Horse Collar
30:52 Imperial Age
28:40 Padded Archer Armor
29:25 Bow Saw
29:21 Heavy Plow
30:12 Gold Shaft Mining
30:30 Wheelbarrow
29:50 Town Watch
30:52 Leather Archer Armor
31:29 Stone Mining
32:31 Ring Archer Armor
34:55 Thumb Ring
37:26 Fortified Wall
37:27 Masonry
37:45 Capped Ram
39:30 Ballistics
39:43 Architecture
40:28 Siege Ram
41:44 Arrowslits
43:30 Fletching
46:17 Murder Holes
48:41 Hand Cart
49:34 Two-Man Saw
49:06 Careening
50:10 Bodkin Arrow
54:27 Hoardings
56:08 Conscription
55:21 Sappers
57:08 Bracer
60:11 Treadmill Crane
62:54 Scale Mail Armor
63:04 Forging
63:00 Scale Barding Armor
63:11 Clinker Construction
63:08 Town Patrol
josbermir
2:36 Loom
12:29 Feudal Age
17:59 Castle Age
16:44 Stone Mining
16:47 Gold Mining
16:48 Horse Collar
17:12 Double-Bit Axe
20:32 Wheelbarrow
23:32 Scale Barding Armor
25:23 Hand Cart
25:41 Forging
29:01 Stone Shaft Mining
29:03 Gold Shaft Mining
30:00 Heavy Plow
35:50 Imperial Age
36:38 Elite Cataphract
37:48 Caravan
39:11 Iron Casting
39:53 Ballistics
39:29 Murder Holes
40:46 Husbandry
40:08 Light Cavalry
42:37 Hussar
44:54 Chain Barding Armor
46:45 Logistica
55:44 Plate Barding Armor
Daoiz1802
9:19 Loom
11:50 Feudal Age
12:22 Double-Bit Axe
13:49 Horse Collar
19:37 Castle Age
18:39 Gold Mining
18:39 Stone Mining
21:15 Fervor
21:11 Heavy Plow
23:34 Gold Shaft Mining
29:09 Imperial Age
29:29 Chieftains
29:58 Squires
29:43 Gambesons
29:44 Arson
30:11 Forging
30:02 Scale Mail Armor
29:45 Capped Ram
31:18 Bow Saw
32:08 Ballistics
32:49 Chemistry
32:35 Murder Holes
33:18 Iron Casting
34:47 Two-Man Saw
34:22 Elite Berserk
37:48 Blast Furnace
37:03 Chain Mail Armor
38:12 Siege Ram
40:48 Chain Mail Armor
48:54 Treadmill Crane
52:42 Plate Mail Armor
52:12 Padded Archer Armor
52:03 Fletching
52:22 Elite Skirmisher
54:18 Leather Archer Armor
58:15 Bodkin Arrow
58:52 Ring Archer Armor
61:15 Conscription
62:06 Bracer
用心感化少女
13:01 Feudal Age
17:01 Castle Age
15:04 Double-Bit Axe
19:03 Horse Collar
28:54 Wheelbarrow
30:06 Bow Saw
31:42 Town Watch
35:41 Imperial Age
33:45 Nomads
B3rtox
11:47 Feudal Age
13:05 Wheelbarrow
12:15 Horse Collar
12:25 Double-Bit Axe
21:30 Castle Age
22:29 Hand Cart
27:42 Gold Mining
31:59 Imperial Age
33:59 Chemistry
40:57 Ballistics
40:33 Murder Holes
50:13 Bow Saw
50:09 Heavy Plow
51:58 Two-Man Saw
54:08 Heavy Plow
59:31 Gold Shaft Mining
59:48 Squires
59:34 Arson
59:35 Gambesons
59:12 Pikeman
60:52 Halberdier
吃橘子么
10:43 Feudal Age
11:30 Double-Bit Axe
15:45 Castle Age
13:36 Horse Collar
16:36 Bow Saw
16:45 Heavy Plow
18:22 Loom
21:28 Stone Mining
23:23 Wheelbarrow
23:42 Fletching
23:57 Town Watch
24:38 Gold Mining
25:58 Gold Shaft Mining
26:00 Bodkin Arrow
27:58 Hand Cart
30:50 Imperial Age
29:50 Ballistics
29:43 Fortified Wall
29:41 Town Patrol
30:31 Padded Archer Armor
31:23 Yeomen
32:15 Conscription
32:47 Bracer
33:49 Chemistry
33:39 Siege Engineers
33:52 Leather Archer Armor
33:55 Treadmill Crane
34:11 Murder Holes
34:28 Masonry
34:21 Elite Longbowman
38:36 Guilds
38:56 Coinage
49:32 Banking
49:05 Caravan
50:21 Hoardings
49:46 Warwolf
51:27 Sappers
53:22 Two-Man Saw
56:19 Ring Archer Armor
55:59 Forging
55:54 Scale Barding Armor
55:41 Heated Shot
56:22 Architecture
55:37 Arrowslits
OTZ==3
1:20 Loom
9:48 Feudal Age
15:38 Castle Age
15:15 Double-Bit Axe
18:48 Horse Collar
23:36 Heavy Plow
24:12 Stone Mining
24:48 Gold Mining
25:36 Stone Shaft Mining
26:20 Wheelbarrow
29:11 Hand Cart
29:41 Gold Shaft Mining
30:24 Fletching
34:13 Imperial Age
31:41 Bodkin Arrow
33:16 Bow Saw
32:44 Light Cavalry
33:37 Bloodlines
33:56 Forging
34:06 Husbandry
35:24 Iron Casting
35:25 Conscription
34:54 Hussar
35:43 Bracer
36:47 Scale Barding Armor
36:59 Padded Archer Armor
38:40 Chain Barding Armor
39:23 Blast Furnace
812508893
11:53 Feudal Age
12:23 Double-Bit Axe
12:20 Horse Collar
18:15 Castle Age
20:51 Bow Saw
20:47 Heavy Plow
22:13 Stone Mining
22:14 Gold Mining
24:02 Elite Skirmisher
26:38 Fletching
28:45 Gold Shaft Mining
32:53 Forging
35:57 Imperial Age
36:40 Caravan
38:08 Two-Man Saw
37:37 Conscription
36:41 Elite Berserk
37:49 Chieftains
39:28 Iron Casting
38:53 Scale Mail Armor
38:58 Scale Barding Armor
39:07 Town Watch
39:08 Loom
46:04 Chain Mail Armor
46:50 Blast Furnace
49:27 Plate Mail Armor
52:54 Pikeman
52:55 Man-at-Arms
53:36 Squires
53:21 Gambesons
53:22 Arson
53:52 Masonry
57:48 Town Patrol
58:13 Chain Barding Armor
58:36 Hoardings
57:34 Sappers
59:51 Padded Archer Armor
59:46 Bodkin Arrow
Connection lost

Rejoining the realm…

Still unreachable

The connection could not be restored.

Session expired

The server has moved on; the page needs a fresh start.